 Dungeon Crawl Stone Soup version 0.31-a0-965-g8a8ce12e04 (webtiles) character file.

Game seed: 16789634322311258619

477 LeprechaunX the Changeling (level 7, -2/41 (46) HPs)
             Began as an Octopode Shapeshifter on Oct 26, 2023.
             Was an Initiate of Hepliaklqana.
             Slain by a wight
             ... wielding a +3 spear
              (5 damage)
             ... on level 5 of the Dungeon.
             The game lasted 00:04:51 (3569 turns).

LeprechaunX the Changeling (Octopode Shapeshifter)  Turns: 3569, Time: 00:04:52

HP:   -2/41 (46)    AC:  1    Str: 13    XL:     7   Next: 11%
MP:   0/10          EV: 18    Int: 13    God:    Hepliaklqana [......]
Gold: 241           SH:  0    Dex: 13    Spells: 10/10 levels left

rFire   + . .        s - +4 war axe
rCold   . . .        (no shield)
rNeg    . . .        (helmet currently unavailable)
rPois   .            i - amulet of guardian spirit
rElec   .            h - +5 ring of evasion
rCorr   .            v - ring of protection from fire
SInv    .            (no ring)
Will    .....        (no ring)
Stlth   ++           (no ring)
HPRegen 0.26/turn    (no ring)
MPRegen 0.12/turn    (no ring)
                     (no ring)

%: guardian spirit
@: brilliant, beast-form, hasted, heavily drained, very quick
A: beast (slay +2), almost no armour, amphibious, 8 rings, camouflage 1,
gelatinous body 1, (nimble swimmer 1), tentacles
a: Begin Untransformation, Renounce Religion


You were on level 5 of the Dungeon.
You worshipped Hepliaklqana.
Hepliaklqana was noncommittal.
You were a hulking beast.
You visited 2 branches of the dungeon, and saw 6 of its levels.

You collected 241 gold pieces.

Inventory:

Hand Weapons
 s - a +4 war axe (weapon)
Armour
 p - an orb of mayhem
Jewellery
 e - an amulet of reflection
 h - a +5 ring of evasion (left tentacle)
 i - an amulet of guardian spirit (around mantle)
 v - a ring of protection from fire (right tentacle)
Talismans
 b - a beast talisman
 c - a flux talisman
Scrolls
 j - 2 scrolls of enchant weapon {unknown}
 k - 3 scrolls of teleportation {unknown}
 l - 2 scrolls of amnesia {unknown}
 m - 2 scrolls of identify {unknown}
 q - a scroll of noise {unknown}
 u - a scroll of revelation {unknown}
Potions
 a - a potion of lignification
 d - 2 potions of brilliance
 f - a potion of haste
 g - 2 potions of enlightenment {unknown}
 n - a potion of berserk rage {unknown}
 o - a potion of resistance {unknown}
 r - a potion of mutation {unknown}
 t - a potion of heal wounds {unknown}
 w - a potion of curing {unknown}
 x - a potion of invisibility {unknown}
 z - a potion of attraction {unknown}


   Skills:
 + Level 3.2 Fighting
 - Level 2.0 Dodging
 + Level 4.3 Unarmed Combat
 + Level 2.4 Spellcasting
 * Level 5.1 Shapeshifting


You had 10 spell levels left.
You didn't know any spells.
Your spell library contained the following spells:

 Spells                   Type           Power      Damage    Failure   Level
 Apportation              Tloc           4%         N/A       24%         1
 Necrotise                Necr           8%         1d4       24%         1
 Summon Small Mammal      Summ           8%         N/A       24%         1
 Scorch                   Fire           4%         2d5       36%         2
 Flame Wave               Conj/Fire      2%         2d4       94%         4
 Summon Cactus Giant      Summ           1%         N/A       100%        6


Dungeon Overview and Level Annotations

Branches:
Dungeon (5/15)             Temple (1/1) D:4

Altars:
Ashenzari
Dithmenos
Fedhas
Gozag
Hepliaklqana
Makhleb
Sif Muna
Trog
Uskayaw
Yredelemnul
Zin
The Shining One

Annotations:
D:3 1 runed translucent door, Crazy Yiuf


Innate Abilities, Weirdness & Mutations

You are a hulking beast.
Your limbs bulge with bestial killing power. (Slay +2)
You cannot wear most types of armour.
You are amphibious.
You can wear up to eight rings at the same time.
Your skin changes colour to match your surroundings (Stealth+).
Your rubbery body absorbs attacks. (AC +1, EV +1)
((You are camouflaged when in or above water. (Stealth+)))
You have tentacles for arms and can constrict up to eight enemies at once.


Message History

A wight is nearby!
Found a scroll labelled QUGOJI VIAHU and 17 gold pieces.
A wight comes into view. It is wielding a +3 spear.
The wight misses you.
You closely miss the wight. Your grab misses the wight. You squeeze the wight.
The wight is lightly damaged.
The wight barely misses you. x2; The wight misses you.
The wight completely misses you.
You hit the wight. You grab the wight.
You tentacle-slap the wight, but do no damage.
You squeeze the wight.
The wight is heavily damaged.
You constrict the wight, but do no damage.
The wight barely misses you. The wight closely misses you.
You completely miss the wight.
The wight is heavily damaged.
You constrict the wight. The wight barely misses you.
The wight hits you from afar with a +3 spear!
You feel drained. The wight barely misses you. The wight closely misses you.
You hit the wight but do no damage.
The wight is severely damaged.
You constrict the wight, but do no damage.
The wight barely misses you.
The wight hits you from afar with a +3 spear!
You feel drained.
You release your grip on the wight.
The wight attacks as it pursues you!
The wight hits you with a +3 mace of freezing!
The wight freezes you.
It was a potion of brilliance.
You feel clever all of a sudden.
The wight hits you with a +3 mace of freezing.
* * * LOW HITPOINT WARNING * * *
You feel drained. The wight freezes you.
* * * LOW HITPOINT WARNING * * *
The wight hits you from afar with a +3 spear!
* * * LOW HITPOINT WARNING * * *
It was a potion of haste.
You feel yourself speed up. The wight completely misses you.
The wight hits you from afar with a +3 spear.
You die...

### #.. #.#
#$# #.# #z#
#z# #######h#
....?...#
######..######
#...........#
#.###.?####.#
#.# #..#
##)###..##
#)........$...
#..###..###...


You could see 2 wights.

Vanquished Creatures
  Eustachio (D:4)
  A phantom (D:5)
  2 orc priests (D:4)
  An iguana (D:3)
  An orc wizard (D:4)
  8 adders
  A white imp (D:3)
  2 worms
  3 dart slugs
  5 orcs
  6 bats
  8 endoplasms
  3 giant cockroaches
  7 goblins
  2 hobgoblins (D:1)
  5 kobolds
  2 quokkas
  9 ball pythons
  A frilled lizard (D:1)
  5 rats (D:2)
73 creatures vanquished.

Notes
Turn   | Place    | Note
-------+----------+-------------------------------------------
     0 | D:1      | LeprechaunX the Octopode Shapeshifter began the quest for
                  | the Orb.
     0 | D:1      | Reached XP level 1. HP: 13/13 MP: 1/1
   248 | D:1      | Reached XP level 2. HP: 18/18 MP: 2/2
   695 | D:2      | Reached XP level 3. HP: 23/23 MP: 3/3
   800 | D:2      | Upgraded the game from 0.31-a0-963-ga325b2283a to
                  | 0.31-a0-965-g8a8ce12e04
  1041 | D:2      | Reached skill level 1 in Spellcasting
  1041 | D:2      | Reached XP level 4. HP: 24/29 MP: 3/5
  1077 | D:2      | Found a faded altar of an unknown god.
  1863 | D:3      | Reached skill level 4 in Shapeshifting
  2019 | D:3      | Reached XP level 5. HP: 27/34 MP: 4/7
  2198 | D:3      | Found a runed translucent door.
  2199 | D:3      | Noticed Crazy Yiuf
  2853 | D:4      | Noticed Eustachio
  2860 | D:4      | Killed Eustachio
  2861 | D:4      | Reached XP level 6. HP: 24/41 MP: 3/9
  3218 | D:4      | Found a staircase to the Ecumenical Temple.
  3236 | Temple   | Entered the Ecumenical Temple
  3259 | Temple   | Became a worshipper of Hepliaklqana the Forgotten
  3393 | D:4      | Reached skill level 5 in Shapeshifting
  3472 | D:5      | Entered Level 5 of the Dungeon
  3497 | D:5      | Reached XP level 7. HP: 30/46 MP: 6/10
  3568 | D:5      | HP: 2/41 [wight/+3 spear (7)]
  3569 | D:5      | Slain by a wight

Illustrated notes

Levels and vault maps discovered:
D:1:      dpeg_arrival_arbitrary_b, layout_basic
D:2:      minmay_spotlight, layout_basic,
          hellmonk_ecumenical_altar_heavens_door, grunt_decor_one_mirror
D:3:      layout_basic, minmay_puff, uniq_crazy_yiuf_cottage
D:4:      layout_rooms, minmay_temple_entry_statues_pillars, uniq_eustachio
D:5:      layout_loops_ring, mainiacjoe_overflow_surrounded_room,
          mainiacjoe_overflow_24_doors
Temple:   nicolae_temple_hex_pool

Skill      XL: |  1  2  3  4  5  6 |
---------------+-------------------+-----
Spellcasting   | 1 2 |  2.4
Fighting       | 2 3 |  3.2
Shapeshifting  | 4 5 |  5.1
Unarmed Combat | 4 |  4.3
Dodging        | |  2.0

Action                     |  1- 3 |  4- 6 |  7- 9 || total
---------------------------+-------+-------+-------++-------
  Melee: Unarmed           |    58 |    67 |       ||   125
         Constrict         |    18 |    22 |     1 ||    41
         Tentacles         |    10 |    14 |     2 ||    26
         Punch             |     2 |     4 |     1 ||     7
         War axe           |       |    36 |     4 ||    40
    Use: Potion            |       |       |     2 ||     2
   Stab: Sleeping          |     5 |     8 |       ||    13
 Armour: Skin              |    15 |    34 |     6 ||    55
  Dodge: Dodged            |    33 |    72 |    12 ||   117

Table legend: (Time is in decaauts)
 A = Elapsed time spent in this place.
 B = Non-inter-level travel time spent in this place.
 C = Inter-level travel time spent in this place.
 D = Time resting spent in this place.
 E = Time spent auto-exploring this place.
 F = Levels seen in this place.
 G = Mean time per level.
                   A        B        C        D        E       F      G
               +--------+--------+--------+--------+--------+-----+--------+
         Total |   3579 |   3315 |    264 |     93 |   2647 |   6 |  596.5 |
       Dungeon |   3531 |   3289 |    242 |     93 |   2647 |   5 |  706.2 |
        Temple |     47 |     25 |     22 |      0 |      0 |   1 |   47.0 |
               +--------+--------+--------+--------+--------+-----+--------+

Top non-repeatable levels by time:
     D:2: 1086 daAuts
     D:3: 958 daAuts
     D:4: 713 daAuts
     D:1: 671 daAuts
     D:5: 102 daAuts
  Temple: 47 daAuts
